 Dungeon Crawl Stone Soup version 0.24.0-125-gc4c63601f3 (webtiles) character file.

Game seed: 10120749683628002171, levelgen mode: deterministic

97017 Peloso the Peltast (level 15, 0/139 HPs)
             Began as a Minotaur Fighter on Mar 18, 2020.
             Was the Champion of Okawaru.
             Slain by a two-headed ogre
             ... wielding a +0 giant spiked club
              (22 damage)
             ... on level 2 of the Orcish Mines.
             The game lasted 01:18:54 (31999 turns).

Peloso the Peltast (Minotaur Fighter)              Turns: 31999, Time: 01:18:55

Health: 0/139      AC: 20    Str: 27    XL:     15   Next: 70%
Magic:  5/5        EV: 10    Int:  8    God:    Okawaru [******]
Gold:   1959       SH: 16    Dex: 12    Spells: 14/14 levels left

rFire    + + .     SeeInvis .   a - +10 falchion of Articulation {antimagic, Int+3}
rCold    . . .     Gourm    .   c - +1 shield
rNeg     + . .     Faith    .   Q - +2 plate armour {rF+}
rPois    +         Spirit   .   (helmet restricted)
rElec    .         Reflect  .   A - scarf {cloud immunity}
rCorr    +         Harm     .   (no gloves)
MR       +++..                  K - +0 pair of boots "Quoso" {Str+2 Int+2 Stlth-}
Stlth    ..........             (no amulet)
HPRegen  0.33/turn              D - ring of resist corrosion
MPRegen  0.09/turn              G - ring of Checkmate {rPois rF+ rN+ MR++ Int-2}

@: no status effects
A: retaliatory headbutt, horns 2
a: Heroism, Finesse, Renounce Religion


You were on level 2 of the Orcish Mines.
You worshipped Okawaru.
Okawaru was exalted by your worship.
You were not hungry.

You visited 4 branches of the dungeon, and saw 22 of its levels.
You also visited: Ossuary.

You collected 2154 gold pieces.
You spent 195 gold pieces at shops.

Inventory:

Hand Weapons
 a - the +10 falchion of Articulation (weapon) {antimagic, Int+3}
   (You found it on level 12 of the Dungeon)

   It reduces the magical energy of the wielder, and disrupts the spells and
   magical abilities of those hit.
   Natural abilities and divine invocations are not affected.
   It affects your intelligence (+3).
 u - a +2 whip of flaming
Armour
 c - a +1 shield (worn)
 p - a scarf of resistance
 A - a scarf of cloud immunity (worn)
 H - +0 acid dragon scales
 I - a +1 chain mail of cold resistance
 K - the +0 pair of boots "Quoso" (worn) {Str+2 Int+2 Stlth-}
   (Okawaru gifted it to you on level 11 of the Dungeon)

   It affects your strength (+2).
   It affects your intelligence (+2).
   It makes you less stealthy.
 L - a +4 chain mail of magic resistance
 Q - a +2 plate armour of fire resistance (worn)
Jewellery
 B - an uncursed ring of stealth
 D - a ring of resist corrosion (left hand)
 E - the ring of Haun {rPois Int+5}
   (You found it on level 9 of the Dungeon)

   [ring of poison resistance]

   It affects your intelligence (+5).
   It protects you from poison.
 F - an uncursed ring of see invisible
 G - the ring of Checkmate (right hand) {rPois rF+ rN+ MR++ Int-2}
   (You found it on level 1 of the Lair of Beasts)

   [ring of positive energy]

   It affects your intelligence (-2).
   It protects you from fire.
   It protects you from poison.
   It protects you from negative energy.
   It affects your resistance to hostile enchantments.
Wands
 b - a wand of flame (41)
 e - a wand of digging (1)
 n - a wand of iceblast (3)
 C - a wand of acid (11)
 J - a wand of random effects (17)
 P - a wand of enslavement (7)
Scrolls
 d - a scroll of silence
 i - 5 scrolls of amnesia
 j - 5 scrolls of teleportation
 k - a scroll of enchant weapon
 m - 10 scrolls of remove curse
 q - a scroll of fog
 r - 5 scrolls of fear
 w - 3 scrolls of magic mapping
 x - a scroll of brand weapon
 y - 4 scrolls of identify
Potions
 g - 14 potions of curing
 l - a potion of resistance
 o - 2 potions of heal wounds
 s - 6 potions of haste
 t - 2 potions of invisibility
 v - 5 potions of magic
 z - 3 potions of flight
 M - 3 potions of cancellation
 N - 2 potions of agility
 O - 3 potions of brilliance
Miscellaneous
 h - a lamp of fire
 S - a lightning rod (4/4)
Comestibles
 f - 24 rations


   Skills:
 + Level 14.8 Fighting
 + Level 16.2 Long Blades
 + Level 3.5 Maces & Flails
 + Level 15.2 Armour
 + Level 4.8 Dodging
 + Level 2.6 Stealth
 + Level 17.6 Shields
 + Level 3.6 Invocations
 + Level 1.6 Evocations


You had 14 spell levels left.
You didn't know any spells.
Your spell library contained the following spells:

 Spells                   Type           Power        Failure   Level  Hunger
 Flame Tongue             Conj/Fire      #....        95%         1    ##.....
 Freeze                   Ice            #...         95%         1    ##.....
 Magic Dart               Conj           #...         95%         1    ##.....
 Searing Ray              Conj           #.....       99%         2    ###....
 Throw Flame              Conj/Fire      #.....       99%         2    ###....
 Throw Frost              Conj/Ice       #.....       99%         2    ###....
 Conjure Flame            Conj/Fire      #.......     100%        3    ####...
 Dazzling Spray           Conj/Hex       #.....       100%        3    ####...
 Inner Flame              Hex/Fire       #.......     100%        3    ####...
 Ozocubu's Armour         Chrm/Ice       #.......     100%        3    ####...
 Force Lance              Conj/Tloc      #.......     100%        4    #####..
 Fulminant Prism          Conj/Hex       #.........   100%        4    #####..
 Iskenderun's Mystic Bla  Conj           #.......     100%        4    #####..
 Sticky Flame             Conj/Fire      #.......     100%        4    #####..
 Summon Ice Beast         Ice/Summ       #.......     100%        4    #####..
 Throw Icicle             Conj/Ice       #.......     100%        4    #####..
 Fireball                 Conj/Fire      #.........   100%        5    ######.
 Irradiate                Conj/Tmut      #.........   100%        5    ######.
 Hydra Form               Tmut           #.........   100%        6    #######
 Statue Form              Tmut/Erth      #........    100%        6    #######
 Dragon Form              Tmut           #.........   100%        7    #######


Dungeon Overview and Level Annotations

Branches:
Dungeon (13/15)            Temple (1/1) D:7            Lair (6/6) D:9
 Shoals (0/4) Lair:2       Spider (0/4) Lair:4        Slime (0/5) Lair:5
    Orc (2/2) D:12        Ossuary (visited)
    Elf: Orc:2       Vaults: D:13-14

Altars:
Ashenzari
Cheibriados
Fedhas
Gozag
Hepliaklqana
Kikubaaqudgha
Nemelex Xobeh
Okawaru
Qazlal
Sif Muna
Trog
Uskayaw
Vehumet
Wu Jian
Xom
Yredelemnul
Zin
The Shining One
Beogh
Jiyva

Shops:
D:7 %   D:11 ?

Portals:
Trove: D:12 (give 9 potions of haste)

Annotations:
D:6 3 runed translucent doors, matti1234's ghost, novice OpWr


Innate Abilities, Weirdness & Mutations

You reflexively headbutt those who attack you in melee.
You have a pair of horns on your head.


Message History

A two-headed ogre comes into view. It is wielding two +0 giant clubs.
Unknown command.
You slash the ogre!
You kill the ogre!
Okawaru accepts your kill. You block the two-headed ogre's attack.
The two-headed ogre barely misses you.
Unknown command.
You hit the ogre.
The ogre is heavily wounded.
You block the ogre's attack.
The two-headed ogre hits you but does no damage.
The two-headed ogre hits you with a +0 giant club!
* * * LOW HITPOINT WARNING * * *
Unknown command.
You hit the ogre. You headbutt the ogre!
You kill the ogre!
Okawaru accepts your kill. The two-headed ogre barely misses you.
The two-headed ogre hits you with a +0 giant club!!
You die...

..............#
.#.................
#.......#.....(....
...................
..................
.................
#.....^))..#..#.
#.....)<.........
...#.[@()()........
#....))O[.(.........
........)[.$.........
...........(.........
..........).[.#......$.
..#....O...$[...........
##........))[...........
....#..................
.##...................


You could see 2 two-headed ogres.

Vanquished Creatures
  Rupert (D:12)
  The ghost of Amplified the Timeless, a journeyman FoEE of Cheibriados (Lair:5)
  An orc warlord (D:12)
  Nessos (Orc:1)
  The ghost of dogstar the Thaumaturge, a journeyman GnSk of Makhleb (Lair:4)
  Josephine (D:12)
  3 ogre magi (Orc:2)
  A death knight (D:12)
  The ghost of Electrofox the Basher, a journeyman FoFi of Okawaru (D:12)
  7 hydras
  4 centaur warriors
  11 two-headed ogres
  5 catoblepae
  17 death yaks
  Urug (D:13)
  2 orc high priests
  A deep elf knight (D:11)
  A deep elf archer (D:11)
  3 orc knights
  Pikel (D:5)
  An orc sorcerer (D:13)
  3 manticores
  A cyclops (Orc:1)
  Maurice (D:13)
  Psyche (D:8)
  Joseph (D:8)
  2 torpor snails
  3 black mambas
  9 spiny frogs
  8 komodo dragons
  4 rime drakes
  A tengu conjurer (D:13)
  4 trolls
  A polar bear (shapeshifter) (D:13)
  Grinder (D:3)
  7 slime creatures
  44 blink frogs
  Prince Ribbit (Lair:4)
  18 hippogriffs
  10 dream sheep
  5 wyverns
  50 yaks
  A shadow (D:12)
  2 vampires (D:13)
  6 wraiths
  4 basilisks
  A hungry ghost (D:12)
  Grum (D:11)
  2 wargs (Orc:2)
  3 acid dragons
  2 soldier ants
  17 water moccasins
  A hell hound (Lair:3)
  13 porcupines
  34 orc warriors
  A hornet zombie (D:13)
  A phantom (D:13)
  6 ice beasts
  A slave (D:5)
  3 black bears
  7 sky beasts
  4 necrophages
  6 wolves
  10 centaurs
  21 ogres
  9 crocodiles
  Blork the orc (D:5)
  19 bullfrogs
  2 big kobolds
  A wyvern skeleton (D:9)
  11 killer bees
  A howler monkey (D:11)
  4 electric eels (Lair:5)
  5 crimson imps
  A centaur zombie (D:8)
  7 hounds
  2 quasits
  2 bullfrog zombies (D:12)
  20 orc priests
  15 orc wizards
  3 bullfrog skeletons
  2 centaur skeletons
  3 jellies
  2 iguanas (D:7)
  Ijyb (D:5)
  5 worker ants
  13 mummies
  2 hound skeletons
  2 worker ant zombies
  4 adders
  3 gnolls (D:4)
  9 shadow imps
  An ooze (D:1)
  2 worms
  2 dart slugs
  9 leopard geckos
  33 orcs
  3 ball pythons
  8 giant cockroaches
  A hobgoblin (D:2)
  5 jackals (D:4)
  5 quokkas
  7 bats
  3 frilled lizards
  A gnoll skeleton (Ossuary)
  7 goblins
  A goblin skeleton (Ossuary)
  13 kobolds
  2 kobold skeletons (Ossuary)
  2 kobold zombies (D:4)
  A leopard gecko skeleton (D:4)
  4 orc skeletons (Ossuary)
  11 rats
  11 rat skeletons (Ossuary)
  2 fungi
670 creatures vanquished.

Vanquished Creatures (others)
  An ogre mage (Orc:2)
  An orc priest (D:13)
  An orc wizard (D:13)
  A bush (Lair:2)
  16 fungi
  14 plants
34 creatures vanquished.

Grand Total: 704 creatures vanquished

Notes
Turn   | Place    | Note
-------+----------+-------------------------------------------
     0 | D:1      | Peloso the Minotaur Fighter began the quest for the Orb.
     0 | D:1      | Reached XP level 1. HP: 19/19 MP: 0/0
    70 | D:1      | Reached XP level 2. HP: 27/27 MP: 1/1
   125 | D:1      | Reached skill level 4 in Shields
   484 | D:2      | Reached XP level 3. HP: 33/33 MP: 2/2
   714 | D:2      | Found an ancient bone altar of Kikubaaqudgha.
  1246 | D:3      | Reached skill level 1 in Dodging
  1246 | D:3      | Reached XP level 4. HP: 37/40 MP: 3/3
  1693 | D:3      | Reached XP level 5. HP: 24/47 MP: 4/4
  2032 | D:3      | Found an opulent altar of Gozag.
  2256 | D:3      | Found a shattered altar of Ashenzari.
  2311 | D:3      | Noticed Grinder
  2327 | D:3      | Killed Grinder
  2327 | D:3      | Reached skill level 5 in Armour
  2327 | D:3      | Reached skill level 5 in Shields
  2327 | D:3      | Reached XP level 6. HP: 15/55 MP: 5/5
  3019 | D:4      | Found a sand-covered staircase.
  3032 | D:4      | Reached skill level 5 in Fighting
  3036 | Ossuary  | Entered an ossuary
  3324 | Ossuary  | Reached XP level 7. HP: 47/61 MP: 6/6
  3492 | Ossuary  | Reached skill level 5 in Long Blades
  4163 | D:5      | Entered Level 5 of the Dungeon
  4192 | D:5      | Reached skill level 6 in Shields
  4452 | D:5      | Reached XP level 8. HP: 57/69 MP: 7/7
  4577 | D:5      | Noticed Ijyb
  4587 | D:5      | Killed Ijyb
  4605 | D:5      | Noticed Pikel
  4656 | D:5      | Killed Pikel
  4904 | D:4      | Reached skill level 7 in Shields
  5146 | D:5      | Noticed Blork the orc
  5157 | D:5      | Killed Blork the orc
  5702 | D:6      | Reached XP level 9. HP: 75/75 MP: 8/8
  5888 | D:6      | Found a runed translucent gate.
  5889 | D:6      | Found a runed translucent gate.
  5890 | D:6      | Found a runed translucent gate.
  5895 | D:6      | Noticed matti1234's ghost (novice OpWr)
  6206 | D:6      | Reached skill level 8 in Shields
  6436 | D:7      | Found a snail-covered altar of Cheibriados.
  6438 | D:7      | Found a glowing silver altar of Zin.
  6479 | D:7      | Found a basalt altar of Yredelemnul.
  6489 | D:7      | Found a blossoming altar of Fedhas.
  6526 | D:7      | Found a staircase to the Ecumenical Temple.
  6547 | Temple   | Entered the Ecumenical Temple
  6585 | Temple   | Became a worshipper of Warmaster Okawaru
  7007 | D:7      | Found Emavep's Food Emporium.
  7138 | D:7      | Noticed a seven-headed hydra
  7147 | D:7      | Killed a seven-headed hydra
  7147 | D:7      | Reached skill level 10 in Long Blades
  7147 | D:7      | Reached skill level 1 in Stealth
  7156 | D:7      | Found a bloodstained altar of Trog.
  7224 | D:7      | Reached * piety under Okawaru
  7422 | D:8      | Noticed Joseph
  7437 | D:8      | Killed Joseph
  7437 | D:8      | Reached XP level 10. HP: 83/86 MP: 9/9
  7541 | D:8      | Noticed Psyche
  7563 | D:8      | Killed Psyche
  7563 | D:8      | Reached ** piety under Okawaru
  7569 | D:8      | Got a pair of encrusted boots
  7580 | D:8      | Identified the +0 pair of boots "Maseih" {rF+ MP+9 Int+7}
                  | (You found it on level 8 of the Dungeon)
  7677 | D:8      | Reached skill level 9 in Shields
  7807 | D:8      | Found a hide-covered altar of Uskayaw.
  7881 | D:8      | Found an ornate altar of the Wu Jian Council.
  7982 | D:8      | Found a shimmering blue altar of Sif Muna.
  8291 | D:9      | Found a staircase to the Lair.
  8483 | D:9      | Got a bound tin ring
  8484 | D:9      | Identified the ring of Haun {rPois Int+5} (You found it on
                  | level 9 of the Dungeon)
  8529 | D:9      | Reached *** piety under Okawaru
  8555 | D:9      | Found a radiant altar of Vehumet.
  8884 | D:9      | Noticed a two-headed ogre
  8897 | D:9      | Killed a two-headed ogre
  8897 | D:9      | Reached skill level 10 in Shields
  8974 | D:9      | Reached **** piety under Okawaru
  9033 | D:9      | Found a stormy altar of Qazlal.
  9358 | D:10     | Entered Level 10 of the Dungeon
  9666 | D:10     | Reached XP level 11. HP: 88/94 MP: 10/10
 10242 | D:11     | Reached skill level 10 in Armour
 10249 | D:11     | Reached ***** piety under Okawaru
 10350 | D:11     | Received a gift from Okawaru
 10350 | D:11     | Reached skill level 11 in Shields
 10621 | D:11     | Noticed a seven-headed hydra
 10665 | D:11     | Killed a seven-headed hydra
 10665 | D:11     | Reached skill level 1 in Maces & Flails
 10717 | D:11     | Noticed Grum
 10728 | D:11     | Killed Grum
 10732 | D:11     | Received a gift from Okawaru
 10741 | D:11     | Got a pair of faintly glowing boots {god gift}
 10752 | D:11     | Identified the +0 pair of boots "Quoso" {Str+2 Int+2
                  | Stlth-} (Okawaru gifted it to you on level 11 of the
                  | Dungeon)
 10808 | D:11     | Noticed a deep elf knight
 10824 | D:11     | Killed a deep elf knight
 10839 | D:11     | Noticed a deep elf archer
 10840 | D:11     | Noticed a centaur warrior
 10901 | D:11     | Killed a centaur warrior
 10901 | D:11     | Reached skill level 12 in Shields
 11183 | D:11     | Killed a deep elf archer
 11183 | D:11     | Reached skill level 1 in Invocations
 11561 | D:11     | Identified the +6 trident "Nuvokyna" {vamp, rF+ rN+}
 11566 | D:11     | Found the +5 robe of Misfortune {*Contam Harm *Corrode
                  | *Drain *Slow EV+5}
 11585 | D:11     | Noticed an orc knight
 11627 | D:11     | Killed an orc knight
 11663 | D:11     | Found an iron altar of Okawaru.
 12085 | D:11     | Noticed a four-headed hydra
 12101 | D:11     | Killed a four-headed hydra
 12372 | D:11     | Found Puos's Magic Scroll Shoppe.
 12388 | D:11     | Bought a scroll of enchant weapon for 127 gold pieces
 12393 | D:11     | Bought a scroll of identify for 34 gold pieces
 12393 | D:11     | Bought a scroll of identify for 34 gold pieces
 12453 | Lair:1   | Entered Level 1 of the Lair of Beasts
 12469 | Lair:1   | Reached XP level 12. HP: 78/105 MP: 10/12
 12501 | Lair:1   | Got a fine turquoise ring
 12523 | Lair:1   | Identified the ring of Checkmate {rPois rF+ rN+ MR++ Int-2}
                  | (You found it on level 1 of the Lair of Beasts)
 12653 | Lair:1   | Reached skill level 10 in Fighting
 12883 | Lair:1   | Received a gift from Okawaru
 14138 | Lair:2   | Noticed Prince Ribbit
 14412 | Lair:2   | Noticed a death yak
 14412 | Lair:2   | Noticed a death yak
 14412 | Lair:2   | Noticed a death yak
 14413 | Lair:2   | Noticed a death yak
 14414 | Lair:2   | Noticed a death yak
 14419 | Lair:2   | Noticed a death yak
 14441 | Lair:1   | Killed a death yak
 14441 | Lair:1   | Reached skill level 13 in Shields
 14454 | Lair:1   | Killed a death yak
 14554 | Lair:1   | Killed a death yak
 14554 | Lair:1   | Received a gift from Okawaru
 14559 | Lair:1   | Killed a death yak
 14653 | Lair:2   | Killed a death yak
 14667 | Lair:2   | Killed a death yak
 14683 | Lair:2   | Found a staircase to the Shoals.
 14778 | Lair:2   | Reached XP level 13. HP: 25/116 MP: 13/13
 15134 | Lair:2   | Found a basalt altar of Yredelemnul.
 15835 | Lair:3   | Reached ****** piety under Okawaru
 16001 | Lair:3   | Received a gift from Okawaru
 16001 | Lair:3   | Reached skill level 14 in Shields
 16018 | Lair:3   | Got an ivory rapier {god gift}
 16019 | Lair:3   | Identified the +7 rapier of the Neverending Mice {freeze,
                  | Int+3 Dex+2} (Okawaru gifted it to you on level 3 of the
                  | Lair of Beasts)
 16720 | Lair:4   | Noticed a minotaur
 16722 | Lair:4   | Noticed dogstar's ghost (journeyman GnSk)
 16749 | Lair:4   | Found a runed translucent gate.
 16749 | Lair:4   | Found a runed translucent gate.
 16749 | Lair:4   | Found a runed translucent gate.
 17208 | Lair:4   | Killed Prince Ribbit
 18045 | Lair:4   | Found a hole to the Spider Nest.
 18352 | D:12     | Found a staircase to the Orcish Mines.
 18352 | D:12     | Found a shimmering altar of Xom.
 18413 | D:11     | Received a gift from Okawaru
 18899 | D:12     | Noticed Electrofox's ghost (journeyman FoFi)
 18908 | D:12     | Found a runed translucent door.
 19021 | D:12     | Reached skill level 15 in Shields
 19042 | D:12     | Found a portal to a secret trove of treasure.
 19316 | D:12     | Reached skill level 15 in Long Blades
 19628 | D:13     | Noticed Rupert
 20444 | Lair:4   | Reached XP level 14. HP: 22/127 MP: 14/14
 21330 | Lair:5   | Found a runed translucent door.
 21333 | Lair:5   | Noticed Amplified's ghost (journeyman FoEE)
 21367 | Lair:5   | Found a viscous altar of Jiyva.
 21367 | Lair:5   | Found a staircase to the Slime Pits.
 22319 | Lair:6   | Entered Level 6 of the Lair of Beasts
 22430 | Lair:6   | Reached skill level 1 in Evocations
 23391 | Lair:6   | Received a gift from Okawaru
 23944 | Lair:6   | Reached skill level 16 in Shields
 25816 | Lair:5   | Killed Amplified's ghost
 26389 | D:12     | Killed Rupert
 26441 | D:13     | Noticed an orc warlord
 27108 | D:12     | Killed an orc warlord
 27108 | D:12     | Reached XP level 15. HP: 105/137 MP: 16/16
 27238 | D:13     | Noticed Maurice
 27269 | D:13     | Killed Maurice
 27424 | D:13     | Received a gift from Okawaru
 27470 | D:13     | Found a roughly hewn altar of Beogh.
 27470 | D:13     | Noticed Josephine
 28043 | D:12     | Killed Josephine
 28700 | D:13     | Noticed Urug
 28752 | D:13     | Killed Urug
 29140 | D:13     | Reached skill level 17 in Shields
 29459 | D:12     | Killed Electrofox's ghost
 29469 | D:12     | Got a steaming falchion
 29470 | D:12     | Identified the +10 falchion of Articulation {antimagic,
                  | Int+3} (You found it on level 12 of the Dungeon)
 29727 | Lair:4   | Killed dogstar's ghost
 29727 | Lair:4   | Received a gift from Okawaru
 29929 | Orc:1    | Entered Level 1 of the Orcish Mines
 30079 | Orc:1    | Reached skill level 15 in Armour
 30147 | Orc:2    | Entered Level 2 of the Orcish Mines
 31108 | Orc:2    | Noticed Nessos
 31570 | Orc:1    | Killed Nessos
 31992 | Orc:2    | Received a gift from Okawaru
 31999 | Orc:2    | Slain by a two-headed ogre

Levels and vault maps discovered:
D:1:      lemuel_arrival_lava_pool, layout_rooms
D:2:      layout_loops_corners, lemuel_crystal_altar
D:3:      layout_loops_ring, nicolae_overflow_crystal_walls, first_ration,
          grunt_gozag_statues, uniq_grinder
D:4:      layout_loops_ring, nicolae_ossuary_entry_giza
D:5:      layout_gridville, uniq_ijyb, uniq_blork_the_orc, uniq_pikel
D:6:      layout_loops_ring, gammafunk_ghost_necromancy
D:7:      layout_layer_cave, nicolae_overflow_hidden_temple,
          overflow_temple_1_default, amethyst_overflow_temple_binary,
          minmay_temple_entry_grid, basic_altar, serial_shops,
          kennysheep_little_box
D:8:      layout_gridville, lemuel_round_altar, led_sif_book, kennysheep_mini,
          uniq_joseph, uniq_psyche
D:9:      layout_irregular_city, vehumet_altar_wand_db, kennysheep_mini_moat,
          due_lair_maze_entry_diamond, hangedman_decor_riveting
D:10:     layout_gridville
D:11:     evilmike_iron_armoury, layout_cross, serial_shops,
          nicolae_shop_waterfront, uniq_grum
D:12:     layout_basic, david_orc_3, trove_entry_hex_spiral, basic_altar,
          gammafunk_ghost_grave
D:13:     orc_temple, layout_rooms, grunt_tengu_nest, minmay_bent, uniq_rupert,
          uniq_josephine, uniq_maurice, uniq_urug
Temple:   minmay_temple_curvy_loop
Lair:1:   layout_long_grid, patterned_corridor
Lair:2:   layout_concentric_octagons, elwin_shoals_entry_rocks, basic_altar,
          minmay_holes, grunt_megastairs_2, uniq_prince_ribbit2
Lair:3:   layout_cave_pods
Lair:4:   layout_long_grid, dummy_spider_entry, maelrawn_ghost_gauntlet_escape,
          special_room [special_room_mythical_zoo]
Lair:5:   layout_regular_city, slime_altar_1, hellmonk_ghost_happy_afterlife,
          ldierk_geyser, serial_bayou_lake_a, grunt_megastairs_5
Lair:6:   evilmike_catoblepas_cave, layout_regular_city
Orc:1:    layout_diamond_mine, uniq_jorgrun
Orc:2:    st_orc_ogre_mass, layout_caves, ebering_ghost_xom, serial_shops, shop,
          uniq_nessos

Skill      XL: |  1  2  3  4  5  6  7  8  9 10 11 12 13 14 15 |
---------------+----------------------------------------------+-----
Fighting       | 4 5 6 7 8 9 11 12 13 14 | 14.8
Armour         | 4 5 6 7 8 9 10 12 13 14 15 | 15.2
Shields        | 4 5 6 7 8 10 12 13 15 16 17 | 17.6
Long Blades    | 3 4 6 8 10 12 13 14 15 16 | 16.2
Dodging        | 1 2 3 4 |  4.8
Stealth        | 1 2 |  2.6
Maces & Flails | 1 3 |  3.5
Invocations    | 1 2 3 |  3.6
Evocations     | 1 |  1.6

Action                   |  1- 3 |  4- 6 |  7- 9 | 10-12 | 13-15 || total
-------------------------+-------+-------+-------+-------+-------++-------
Melee: Long sword        |    99 |   119 |   367 |   947 |   670 ||  2202
       Headbutt          |    16 |    30 |   102 |   252 |   602 ||  1002
       Whip              |       |       |     5 |    20 |    30 ||    55
       Falchion          |       |       |       |       |  1183 ||  1183
Invok: Heroism           |       |       |       |    18 |    43 ||    61
       Finesse           |       |       |       |       |     1 ||     1
Evoke: Wand              |       |       |       |     8 |     8 ||    16
       Lamp of fire      |       |       |       |       |     1 ||     1
  Use: Potion            |     2 |     4 |     2 |     2 |     1 ||    11
       Scroll            |       |     6 |     6 |     4 |    12 ||    28
 Stab: Petrified         |       |       |       |       |     6 ||     6
       Distracted        |       |       |       |       |     1 ||     1
  Eat: Chunk             |     1 |     5 |     9 |    15 |    41 ||    71
       Ration            |       |       |     2 |     3 |     4 ||     9
Armor: Scale mail        |    47 |    36 |    15 |       |       ||    98
       Plate armour      |       |       |    94 |   404 |   545 ||  1043
Dodge: Dodged            |    40 |    32 |    70 |   284 |   479 ||   905
Block: Shield            |    56 |    57 |   184 |   684 |  1296 ||  2277
       Rpst.: Long sword |     7 |     9 |    20 |    59 |    54 ||   149
       Falchion          |       |       |       |       |    62 ||    62
